 Dungeon Crawl Stone Soup version 0.24-a0-640-ge7cd8ce796 (webtiles) character file.

Game seed: 14547104896547911244, levelgen mode: deterministic

165 Gargoyl the Skirmisher (level 5, -2/45 HPs)
             Began as a Centaur Abyssal Knight on Sept 24, 2019.
             Was a Follower of Lugonu.
             Slain by Natasha (5 damage)
             ... on level 2 of the Dungeon.
             The game lasted 00:02:49 (1918 turns).

Gargoyl the Skirmisher (Centaur Abyssal Knight)     Turns: 1918, Time: 00:02:49

Health: -2/45      AC:  5    Str: 14    XL:     5   Next: 22%
Magic:  7/7        EV:  8    Int: 11    God:    Lugonu [*.....]
Gold:   48         SH:  3    Dex: 10    Spells: 4/4 levels left

rFire    . . .     SeeInvis +   a - +2 hand axe
rCold    . . .     Gourm    .   g - +0 buckler
rNeg     . . .     Faith    .   b - +0 leather armour
rPois    .         Spirit   .   (no helmet)
rElec    .         Reflect  .   (no cloak)
rCorr    .         Harm     .   e - +0 pair of gloves
MR       .....     Rnd*Tele +   (no barding)
Stlth    ..........             i - amulet of the acrobat
HPRegen  0.15/turn              d - ring of see invisible
MPRegen  0.10/turn              h - ring of teleportation (curse)

@: slowed
A: large, hooves 3, deformed body, speed 2, tough skin 3
a: Depart the Abyss, Renounce Religion


You were on level 2 of the Dungeon.
You worshipped Lugonu.
Lugonu was aware of your devotion.
You were very hungry.

You visited 1 branch of the dungeon, and saw 2 of its levels.
You visited the Abyss 1 time.

You collected 48 gold pieces.

Inventory:

Hand Weapons
 a - a +2 hand axe (weapon)
Armour
 b - a +0 leather armour (worn)
 e - a +0 pair of gloves (worn)
 g - a +0 buckler (worn)
Jewellery
 d - a ring of see invisible (left hand)
 h - a cursed ring of teleportation (right hand)
 i - an amulet of the acrobat (around neck)
 j - a +4 ring of dexterity {unknown}
Scrolls
 l - a scroll of identify
Comestibles
 c - 4 rations


   Skills:
 + Level 3.6 Fighting
 + Level 2.6 Axes
 * Level 2.4 Armour
 * Level 1.5 Dodging
 * Level 3.1 Invocations


You had 4 spell levels left.
You didn't know any spells.
Your spell library was empty.

Dungeon Overview and Level Annotations

Branches:
Dungeon (2/15)

Altars:

Annotations:
D:2 Natasha


Innate Abilities, Weirdness & Mutations

You have hooves in place of feet.
Armour fits poorly on your strangely shaped body.
You cover ground very quickly.
You have extremely tough skin. (AC +3)


Message History

You feel yourself slow down.
You see here an arrow.
Natasha casts a spell at you. The magic dart hits you!
* * * LOW HITPOINT WARNING * * *
Natasha casts a spell at you. The magic dart hits you!
* * * LOW HITPOINT WARNING * * *
Natasha stares at you and mumbles some strange words.
You resist with some effort.
You aren't carrying any potions.
Unknown command.
Okay, then.
You closely miss Natasha. You kick Natasha, but do no damage.
Natasha claws you but does no damage.
Natasha stares at you and mumbles some strange words.
The magic dart hits you.
* * * LOW HITPOINT WARNING * * *
You closely miss Natasha. Natasha claws you.
You die...

############
#..........##
###.#######....
#############.....#
#..##
#§§§§÷........###.#
#..# #§##########..#
#.# #..# #§#
#...h.##.###.#####..##
#§#
#.###@#..........#....
#.#
#.#.....#.##.###.#..##
#.# #.#(#.##..#.(#
#..# #.#
#...(.####.#.# #..#
#.# ###.### #.#.# #..#
###.# #h# #.#.# #..#
#...# #.# #..#. ....
#.### #h# ### # #.#
#)#


You could see Natasha.

Vanquished Creatures
  A centaur (D:2)
  Natasha (twice) (D:2)
  An adder (D:2)
  A worm (D:2)
  A dart slug (D:1)
  4 bats
  2 giant cockroaches
  4 goblins
  A hobgoblin (D:1)
  3 kobolds (D:2)
  2 ball pythons (D:1)
  A frilled lizard (D:2)
  3 rats
26 creatures vanquished.

Notes
Turn   | Place    | Note
-------+----------+-------------------------------------------
     0 | Abyss:1  | Gargoyl the Centaur Abyssal Knight began the quest for the
                  | Orb.
     0 | Abyss:1  | Reached XP level 1. HP: 19/19 MP: 2/2
    36 | Abyss:1  | Noticed a large abomination
    43 | D:1      | Escaped the Abyss
   205 | D:1      | Reached * piety under Lugonu
   205 | D:1      | Reached XP level 2. HP: 22/26 MP: 3/3
   278 | D:1      | Reached skill level 1 in Dodging
   875 | D:2      | Noticed Natasha
   884 | D:2      | Killed Natasha
   884 | D:2      | Reached XP level 3. HP: 16/31 MP: 4/4
  1447 | D:2      | Noticed Natasha
  1462 | D:2      | Killed Natasha
  1462 | D:2      | Reached XP level 4. HP: 20/38 MP: 6/6
  1797 | D:2      | Noticed a centaur
  1812 | D:2      | Killed a centaur
  1812 | D:2      | Reached XP level 5. HP: 5/45 MP: 7/7
  1902 | D:2      | Noticed Natasha
  1918 | D:2      | Slain by Natasha

Levels and vault maps discovered:
D:1:      sevenhm_arrival_forest_fort_small_1, layout_basic
D:2:      layout_loops_ring, uniq_natasha

Skill      XL: |  1  2  3  4 |
---------------+-------------+-----
Dodging        | 1 |  1.5
Axes           | 2 |  2.6
Armour         | 2 |  2.4
Invocations    | 3 |  3.1
Fighting       | |  3.6

Action                   |  1- 3 |  4- 6 || total
-------------------------+-------+-------++-------
Melee: Hand axe          |    70 |    16 ||    86
       Kick              |     8 |     5 ||    13
Invok: Depart the Abyss  |     1 |       ||     1
  Use: Scroll            |     2 |     1 ||     3
       Potion            |     1 |       ||     1
  Eat: Chunk             |       |     1 ||     1
Armor: Leather armour    |    36 |     8 ||    44
       Skin              |     4 |       ||     4
Dodge: Dodged            |    26 |    11 ||    37
Block: Buckler           |     8 |     2 ||    10

Table legend:
 A = Non-vault XP
 B = Vault XP
 C = Vault XP percentage of total XP
 D = Non-vault monster count
 E = Vault monster count
 F = Vault count percentage of total count
                 A         B        C        D         E       F
            +---------+---------+-------+---------+---------+-------
      Total |     202 |      35 |  14.8 |      25 |       1 |   3.8
            +---------+---------+-------+---------+---------+-------
        D:1 |      19 |       0 |   0.0 |      10 |       0 |   0.0
        D:2 |     183 |      35 |  16.1 |      15 |       1 |   6.2
            +---------+---------+-------+---------+---------+-------
